 Dungeon Crawl Stone Soup version 0.31-a0-1576-ga3383bade6 (webtiles) character file.

Game seed: 1934199453489190185

62 Warped the Trooper (level 3, -1/29 HPs)
             Began as a Mummy Fighter on Jan 5, 2024.
             Slain by a gnoll
             ... wielding a +0 spear
              (4 damage)
             ... on level 2 of the Dungeon.
             The game lasted 00:01:42 (953 turns).

Warped the Trooper (Mummy Fighter)                   Turns: 953, Time: 00:01:43

Health: -1/29      AC:  6    Str: 21    XL:     3   Next: 85%
Magic:  0/3        EV:  9    Int:  7    God:
Gold:   41         SH:  4    Dex: 11    Spells: 2/2 levels left

rFire   x . .        a - +3 short sword (drain)
rCold   + . .        c - +0 buckler
rNeg    + + +        b - +0 scale mail
rPois   ∞            (no helmet)
rElec   .            (no cloak)
rCorr   .            (no gloves)
SInv    .            (no boots)
Will    .....        i - amulet of guardian spirit Stlth
                     (no ring)
HPRegen 0.24/turn    (no ring)
MPRegen 0.08/turn

%: guardian spirit, faith
@: no status effects
A: cold resistance 1, negative energy resistance 3, torment resistance 2, heat
vulnerability 1, in touch with death 1, no potions, faith
a: no special abilities


You were on level 2 of the Dungeon.
You visited 1 branch of the dungeon, and saw 2 of its levels.

You collected 41 gold pieces.

Inventory:

Hand Weapons
 a - a +3 short sword of draining (weapon)
 j - a +0 longbow
 k - a +0 long sword
 l - a +0 spear of flaming
Armour
 b - a +0 scale mail (worn)
 c - a +0 buckler (worn)
 m - a +0 plate armour
Jewellery
 i - an amulet of guardian spirit (around neck)
Scrolls
 d - a scroll of poison {unknown}
 e - a scroll of brand weapon {unknown}
 f - a scroll of silence {unknown}
 g - a scroll of identify
 h - a scroll of vulnerability


   Skills:
 - Level 3.3 Fighting
 * Level 2.9 Long Blades
 - Level 2.4 Armour
 - Level 2.7 Shields


You had 2 spell levels left.
You didn't know any spells.
Your spell library contained the following spells:

 Spells                   Type           Power      Damage    Failure   Level
 Magic Dart               Conj           0%         1d3       85%         1
 Blink                    Tloc           0%         N/A       94%         2
 Call Imp                 Summ           0%         N/A       94%         2


Dungeon Overview and Level Annotations

Branches:
Dungeon (2/15)

Altars:


Innate Abilities, Weirdness & Mutations

You are immune to poison.
Your flesh is cold resistant. (rC+)
You are immune to negative energy. (rN+++)
You are immune to unholy pain and torment.
You are vulnerable to heat. (rF-)
You are in touch with the powers of death.
You do not drink.
You have a special connection with the divine. (Faith)


Message History

You are frozen.
You resist. The gnoll barely misses you.
You closely miss the gnoll.
The gnoll is moderately wounded.
The gnoll barely misses you. The gnoll closely misses you.
You block the endoplasm's attack. The gnoll completely misses you.
You hit the gnoll. You drain the gnoll.
You kill the gnoll!
The gnoll closely misses you. The endoplasm hits you.
* * * LOW HITPOINT WARNING * * *
The gnoll barely misses you.
Unknown command.
The endoplasm attacks as it pursues you!
The endoplasm hits you but does no damage.
The endoplasm attacks as it pursues you!
The endoplasm closely misses you.
You completely miss the endoplasm. You hit the endoplasm.
You kill the endoplasm!
You hit the gnoll.
The gnoll is lightly wounded.
The gnoll hits you but does no damage.
You hit the gnoll.
The gnoll is heavily wounded.
The gnoll barely misses you. The gnoll hits you but does no damage.
You closely miss the gnoll.
The gnoll is heavily wounded.
The gnoll hits you but does no damage. The gnoll hits you with a +0 club.
* * * LOW HITPOINT WARNING * * *
You hit the gnoll.
The gnoll is severely wounded.
The gnoll hits you from afar with a +0 spear.
* * * LOW HITPOINT WARNING * * *
You can't drink.
You can't drink.
As you read the scroll labelled FEUDIFFAIDD, it crumbles to dust.
It is a scroll of identify.
h - a scroll of vulnerability The gnoll closely misses you.
The gnoll hits you from afar with a +0 spear.
You die...

###......# ####'### #.
.........# #(# #.
.........# #.# #.
.........######'########+
......)..##......(.......
#†.##..............
##g................
#g#..............)
#@#.......###^....
#.##.####.# .....
.#####'##'####... .....
............)##........
++...........# ###.....
#........)..+ ..
#...........#
#...........#
#############


You could see 2 gnolls.

Vanquished Creatures
  2 gnolls (D:2)
  An adder (D:2)
  6 endoplasms
  3 giant cockroaches (D:1)
  3 goblins
  2 hobgoblins
  4 kobolds
  3 ball pythons
  5 bats
  2 frilled lizards
  2 rats (D:1)
33 creatures vanquished.

Notes
Turn   | Place    | Note
-------+----------+-------------------------------------------
     0 | D:1      | Warped the Mummy Fighter began the quest for the Orb.
     0 | D:1      | Reached XP level 1. HP: 18/18 MP: 1/1
   324 | D:1      | Reached XP level 2. HP: 24/24 MP: 2/2
   848 | D:2      | Reached XP level 3. HP: 29/29 MP: 3/3
   953 | D:2      | Slain by a gnoll

Illustrated notes

Levels and vault maps discovered:
D:1:      tarquinn_simple_flora_water_c, layout_basic
D:2:      layout_basic

Skill      XL: |  1  2 |
---------------+-------+-----
Long Blades    | 2 |  2.9
Fighting       | |  3.3
Armour         | |  2.4
Shields        | |  2.7

Action                     || total
---------------------------++-------
  Melee: Long sword        ||    55
         Short sword       ||    27
    Use: Scroll            ||     1
 Armour: Scale mail        ||    49
  Dodge: Dodged            ||    51
  Block: Buckler           ||    14

Table legend: (Time is in decaauts)
 A = Elapsed time spent in this place.
 B = Non-inter-level travel time spent in this place.
 C = Inter-level travel time spent in this place.
 D = Time resting spent in this place.
 E = Time spent auto-exploring this place.
 F = Levels seen in this place.
 G = Mean time per level.
                   A        B        C        D        E       F      G
               +--------+--------+--------+--------+--------+-----+--------+
         Total |    970 |    941 |     29 |      0 |    732 |   2 |  485.0 |
       Dungeon |    970 |    941 |     29 |      0 |    732 |   2 |  485.0 |
               +--------+--------+--------+--------+--------+-----+--------+

Top non-repeatable levels by time:
     D:1: 786 daAuts
     D:2: 184 daAuts
